AoeStats
← AIDOS

Glade

510462039Analyzed
1v1 RM · 1d ago on Oct 1, 2026· 34m 28s· 2 players
Game mode
Random Map
Map size
Tiny (2 player)
Population
200
Speed
Normal
Resources
Standard
Victory
Conquest
Starting age
Dark Age
Ending age
Imperial Age
RankedLock teamsTeams togetherTeam positionsShared explorationLock speedFull tech treeHidden civsTurbo modeCheats
Victory
Defeat
🇺🇸 Franks · United States
530
+18
🇦🇺 Poles · Australia
580
-29
ReGaLBeAgLe
13:36 Feudal Age
18:14 Castle Age
16:14 Double-Bit Axe
16:27 Stone Mining
17:25 Gold Mining
20:56 Wheelbarrow
33:23 Gold Shaft Mining
37:26 Imperial Age
AIDOS
10:46 Feudal Age
11:16 Horse Collar
11:32 Double-Bit Axe
12:34 Wheelbarrow
21:17 Castle Age
19:22 Man-at-Arms
23:30 Long Swordsman
23:57 Arson
25:59 Hand Cart
25:30 Loom
25:31 Town Watch
26:15 Stone Mining
26:18 Gold Mining
34:15 Squires
Connection lost

Rejoining the realm…

Still unreachable

The connection could not be restored.

Session expired

The server has moved on; the page needs a fresh start.